 Dungeon Crawl Stone Soup version 0.28-a0-1555-g9ae15a6949 (webtiles) character file.

Game seed: 7027403876522271093

403 voltaire321 the Magician (level 6, 0/35 HPs)
             Began as a Deep Elf Earth Elementalist on Jan 18, 2022.
             Slain by a steam dragon (6 damage)
             ... on level 4 of the Dungeon.
             The game lasted 00:12:38 (4338 turns).

voltaire321 the Magician (DEEE)                     Turns: 4338, Time: 00:12:39

Health: 0/35       AC:  4    Str:  5    XL:     6   Next: 55%
Magic:  9/15       EV: 13    Int: 22    God:
Gold:   193        SH:  0    Dex: 15    Spells: 9/15 levels left

rFire   . . .      SeeInvis .   d - +0 whip (venom)
rCold   . . .      Faith    .   (no shield)
rNeg    . . .      Spirit   .   b - +0 robe
rPois   .          Reflect  .   (no helmet)
rElec   .          Harm     .   h - +0 cloak
rCorr   .          Rampage  .   (no gloves)
Will    .....                   m - +0 pair of boots
Stlth   ++........              n - amulet of magic regeneration
HPRegen 0.11/turn               (no ring)
MPRegen 0.54/turn               (no ring)

@: very slightly contaminated
A: no striking features
a: no special abilities


You were on level 4 of the Dungeon.
You visited 1 branch of the dungeon, and saw 4 of its levels.

You collected 193 gold pieces.

Inventory:

Hand Weapons
 d - a +0 whip of venom (weapon)
 p - a +1 vorpal scimitar
Missiles
 c - 101 stones
Armour
 b - a +0 robe (worn)
 h - a +0 cloak (worn)
 m - a +0 pair of boots (worn)
Jewellery
 n - an amulet of magic regeneration (around neck)
 o - a +6 ring of intelligence
Wands
 l - a wand of flame (12)
Scrolls
 a - a scroll of fog {unknown}
 e - 9 scrolls of identify {unknown}
 f - a scroll of vulnerability {unknown}
 s - 2 scrolls of noise {unknown}
Potions
 g - a potion of heal wounds {unknown}
 i - a potion of flight {unknown}
 j - a potion of berserk rage {unknown}
 k - 2 potions of resistance {unknown}
 q - a potion of curing {unknown}
 r - a potion of attraction {unknown}


   Skills:
 + Level 2.3 Fighting
 + Level 4.3 Dodging
 - Level 2.4 Stealth
 + Level 5.0 Spellcasting
 + Level 2.6 Conjurations
 - Level 1.1 Transmutations
 + Level 4.7 Earth Magic


You had 9 spell levels left.
You knew the following spells:

 Your Spells              Type           Power      Damage    Failure   Level
a - Sandblast             Erth           52%        2d12      1%          1
b - Passwall              Tmut/Erth      15%        N/A       4%          2
c - Stone Arrow           Conj/Erth      42%        3d9       7%          3

Your spell library contained the following spells:

 Spells                   Type           Power      Damage    Failure   Level
 Ensorcelled Hibernation  Hex/Ice        10%        N/A       16%         2
 Gell's Gravitas          Tloc           5%         N/A       30%         3
 Lesser Beckoning         Tloc           5%         N/A       30%         3
 Ozocubu's Armour         Ice            5%         N/A       30%         3
 Swiftness                Air            5%         N/A       30%         3
 Teleport Other           Tloc           5%         N/A       30%         3
 Petrify                  Tmut/Erth      18%        N/A       30%         4
 Leda's Liquefaction      Hex/Erth       7%         N/A       36%         4
 Lee's Rapid Deconstruct  Erth           13%        3d10*     38%         5
 Metabolic Englaciation   Hex/Ice        2%         N/A       95%         5
 Statue Form              Tmut/Erth      12%        N/A       99%         6
 Simulacrum               Ice/Necr       2%         N/A       100%        6


Dungeon Overview and Level Annotations

Branches:
Dungeon (4/15)
 Temple: D:4-7

Altars:


Message History

Casting: Sandblast (safe; 1% risk of failure)
Confirm with . or Enter, or press ? or * to list all spells.
Aiming: Sandblast (safe; 1% risk of failure)
Press: ? - help, Shift-Dir - straight line, f - ball python
Aim: a ball python (78% to hit)
The blast of sand hits the ball python!!
You kill the ball python!
Magic restored.
You see here a ball python corpse.
Casting: Sandblast (safe; 1% risk of failure)
Confirm with . or Enter, or press ? or * to list all spells.
Aiming: Stone Arrow (dangerous; 7% risk of failure)
Press: ? - help, Shift-Dir - straight line, f - steam dragon
Aim: a steam dragon (wandering, hasn't noticed you, 71% to hit)
The stone arrow hits the steam dragon!
The steam dragon is heavily wounded.
The steam dragon hisses angrily.
Casting: Stone Arrow (dangerous; 7% risk of failure)
Confirm with . or Enter, or press ? or * to list all spells.
Aiming: Stone Arrow (dangerous; 7% risk of failure)
Press: ? - help, Shift-Dir - straight line, f/p - steam dragon
Aim: a steam dragon (heavily wounded, 71% to hit)
The stone arrow hits the steam dragon!
The steam dragon is severely wounded.
Casting: Stone Arrow (dangerous; 7% risk of failure)
Confirm with . or Enter, or press ? or * to list all spells.
Aiming: Stone Arrow (dangerous; 7% risk of failure)
Press: ? - help, Shift-Dir - straight line, f/p - steam dragon
Aim: a steam dragon (severely wounded, 71% to hit)
You miscast Stone Arrow.
You are very lightly contaminated with residual magic.
Nothing appears to happen.
The steam dragon breathes steam at you. The ball of steam hits you!!
Ouch! That really hurt!
* * * LOW HITPOINT WARNING * * *
The steam dragon barely misses you. The steam dragon claws you.
* * * LOW HITPOINT WARNING * * *
The steam dragon bites you.
You die...

#...# #.........#######
##...######.#.............#
..........#.#.............#
###
.......#..........#.......#
#..
..........#.##.#..#.......#
#.#
##.<.######.......#.......#
#.# #...# #.##.......######
#.# #...# #.####..#### #.#
#...# #.####@.# #####.#
#...# #....§D.# ####.....#
##..## ######§## #.......##
##.## #§### #.##.##.#
##.###### #§..#####.##.##.#
..>.....# ###.....†....##.#
.#.#.##.# #######.#####.#
.#.#.##.# #.#####.#
.#...##.####### #.......#


You could see a steam dragon (catching breath).

Vanquished Creatures
  Eustachio (D:4)
  A water moccasin skeleton (D:3)
  A centaur skeleton (D:4)
  Terence (D:2)
  Natasha (D:3)
  6 adders
  A gnoll (D:1)
  3 dart slugs
  2 orcs (D:3)
  6 ball pythons
  6 bats
  3 endoplasms
  A giant cockroach (D:3)
  8 goblins
  9 hobgoblins
  9 kobolds
  6 quokkas
  7 frilled lizards
  4 rats
76 creatures vanquished.

Notes
Turn   | Place    | Note
-------+----------+-------------------------------------------
     0 | D:1      | voltaire321 the Deep Elf Earth Elementalist began the quest
                  | for the Orb.
     0 | D:1      | Reached XP level 1. HP: 10/10 MP: 6/6
   358 | D:1      | Reached XP level 2. HP: 16/16 MP: 5/8
   973 | D:1      | Reached XP level 3. HP: 18/20 MP: 7/10
  1013 | D:1      | Reached skill level 1 in Fighting
  1055 | D:1      | Learned a level 2 spell: Passwall
  1059 | D:1      | Learned a level 3 spell: Stone Arrow
  1169 | D:1      | Found a faded altar of an unknown god.
  2057 | D:2      | Reached XP level 4. HP: 17/25 MP: 5/11
  2230 | D:2      | Reached skill level 1 in Conjurations
  2336 | D:2      | Noticed Terence
  2346 | D:2      | Killed Terence
  2347 | D:2      | Reached skill level 4 in Spellcasting
  2882 | D:3      | Reached XP level 5. HP: 29/29 MP: 13/13
  3336 | D:3      | Noticed Natasha
  3344 | D:3      | Killed Natasha
  3906 | D:4      | Noticed a steam dragon
  4099 | D:4      | Noticed Eustachio
  4103 | D:4      | Killed Eustachio
  4104 | D:4      | Reached skill level 5 in Spellcasting
  4104 | D:4      | Reached XP level 6. HP: 23/35 MP: 8/15
  4338 | D:4      | Slain by a steam dragon

Illustrated notes

Levels and vault maps discovered:
D:1:      dpeg_arrival_concentric_ovals, layout_basic,
          dreamdust_ecumenical_altar_hidden_monk_grotto
D:2:      layout_rooms, uniq_terence
D:3:      minmay_inner_zag, layout_loops_ring, serial_aquarium,
          aquarium_bridge_long_joined [aquarium_subvault_balcony,
          aquarium_subvault_bridge, aquarium_subvault_bridge,
          aquarium_subvault_bridge, aquarium_subvault_wall,
          aquarium_subvault_balcony], aquarium_window_corridor_1,
          aquarium_window_corner, aquarium_window_corner, aquarium_window_fake,
          aquarium_view_2d, uniq_natasha
D:4:      layout_loops_cross, serial_shops, shop, uniq_eustachio

Skill      XL: |  1  2  3  4  5 |
---------------+----------------+-----
Dodging        | 3 4 |  4.3
Fighting       | 1 2 |  2.3
Conjurations   | 1 2 |  2.6
Spellcasting   | 4 5 |  5.0
Earth Magic    | 4 |  4.7
Stealth        | |  2.4
Transmutations | |  1.1

Action                   |  1- 3 |  4- 6 || total
-------------------------+-------+-------++-------
Melee: Short sword       |    17 |       ||    17
       Whip              |    46 |    84 ||   130
       Punch             |       |     1 ||     1
 Cast: Sandblast         |    27 |    28 ||    55
       Stone Arrow       |       |     4 ||     4
 Stab: Sleeping          |     3 |     2 ||     5
       Distracted        |       |     1 ||     1
Armor: Robe              |    10 |    16 ||    26
Dodge: Dodged            |    54 |    58 ||   112

Table legend: (Time is in decaauts)
 A = Elapsed time spent in this place.
 B = Non-inter-level travel time spent in this place.
 C = Inter-level travel time spent in this place.
 D = Time resting spent in this place.
 E = Time spent auto-exploring this place.
 F = Levels seen in this place.
 G = Mean time per level.
                   A        B        C        D        E       F      G
               +--------+--------+--------+--------+--------+-----+--------+
         Total |   4356 |   4237 |    119 |   1184 |   2168 |   4 | 1089.0 |
       Dungeon |   4356 |   4237 |    119 |   1184 |   2168 |   4 | 1089.0 |
               +--------+--------+--------+--------+--------+-----+--------+

Top non-repeatable levels by time:
     D:1: 1749 daAuts
     D:3: 1090 daAuts
     D:2: 1018 daAuts
     D:4: 497 daAuts
